| TOP OF THE 1ST |
|
Utica Blue Jays batting - Pitching for Newark Black Sox : LHP Willie Texidor
|
|
Pitching: LHP Willie Texidor
|
|
|
Batting: RHB Ed Allen
|
0-0: Called Strike 0-1: Ball 1-1: Ground out 6-3 (Groundball, 6, EV 92.5 MPH)
|
|
Batting: SHB Delwyn Young
|
0-0: Ball 1-0: Swinging Strike 1-1: Ball 2-1: Ball 3-1: Reached on error, E5 (Groundball, 5, EV 110.6 MPH)
|
|
Batting: RHB Jose Gonzalez
|
0-0: Ball 1-0: Called Strike 1-1: Called Strike 1-2: Ball 2-2: Ball 3-2: Fly out, F8 (Flyball, 89D, EV 79.4 MPH)
|
|
Batting: RHB James McGilvray
|
0-0: Ball 1-0: Swinging Strike 1-1: Swinging Strike 1-2: Foul Ball, location: 2F 1-2: Foul Ball, location: 2F 1-2: Fielders Choice at 2nd, 6-4 (Groundball, 6, EV 106.9 MPH)
|
| Top of the 1st over - 0 runs, 0 hits, 1 error, 1 left on base; Utica 0 - Newark 0 |
| BOTTOM OF THE 1ST |
|
Newark Black Sox batting - Pitching for Utica Blue Jays : RHP Julio Nunez
|
|
Pitching: RHP Julio Nunez
|
|
|
Batting: RHB Rafael Belliard
|
0-0: Ball 1-0: Called Strike 1-1: Ball 2-1: Foul Ball, location: 2F 2-2: Ground out 4-3 (Groundball, 4, EV 104.4 MPH)
|
|
Batting: RHB Ellis Burks
|
0-0: Called Strike 0-1: Ground out 6-3 (Groundball, 6, EV 87.5 MPH)
|
|
Batting: RHB Moises Acosta
|
0-0: Ball 1-0: Ball 2-0: Ground out 4-3 (Groundball, 34, EV 98.8 MPH)
|
| Bottom of the 1st over - 0 runs, 0 hits, 0 errors, 0 left on base; Utica 0 - Newark 0 |
| TOP OF THE 2ND |
|
Utica Blue Jays batting - Pitching for Newark Black Sox : LHP Willie Texidor
|
|
Batting: SHB Steve Roadcap
|
0-0: Swinging Strike 0-1: Swinging Strike 0-2: Ball 1-2: Ball 2-2: Foul Ball, location: 2F 2-2: Strikes out looking
|
|
Batting: RHB Ricky Jordan
|
0-0: SINGLE (Flyball, 3D, EV 89.4 MPH)
|
|
Batting: LHB James Lumpe
|
0-0: Ball 1-0: SINGLE (Groundball, 6D, EV 109.4 MPH) Ricky Jordan to second Ricky Jordan to third
|
|
Batting: RHB Gustavo Hernandez
|
0-0: Called Strike 0-1: Grounds into double play, 4-6-3 (Groundball, 4, EV 86.3 MPH)
|
| Top of the 2nd over - 0 runs, 2 hits, 0 errors, 1 left on base; Utica 0 - Newark 0 |
| BOTTOM OF THE 2ND |
|
Newark Black Sox batting - Pitching for Utica Blue Jays : RHP Julio Nunez
|
|
Batting: RHB Adrien Perkins
|
0-0: Ball 1-0: Ball 2-0: Fly out, F4 (Flyball, 34D, EV 88.1 MPH)
|
|
Batting: RHB Ignacio Velasquez
|
0-0: Called Strike 0-1: Ground out 6-3 (Groundball, 56, EV 98.1 MPH)
|
|
Batting: RHB Jerry Bendorf
|
0-0: Called Strike 0-1: Called Strike 0-2: Ball 1-2: Foul Ball, location: 2F 1-2: Ball 2-2: Reached on error, E4 (Groundball, 4, EV 83.8 MPH)
|
|
Batting: LHB Casey Glenn
|
0-0: Ball 1-0: Foul Ball, location: 2F 1-1: Foul Ball, location: 2F 1-2: Foul Ball, location: 2F 1-2: Fly out, F9 (Line Drive, 9D, EV 101.9 MPH)
|
| Bottom of the 2nd over - 0 runs, 0 hits, 1 error, 1 left on base; Utica 0 - Newark 0 |
| TOP OF THE 3RD |
|
Utica Blue Jays batting - Pitching for Newark Black Sox : LHP Willie Texidor
|
|
Batting: SHB Manny Jose
|
0-0: Ball 1-0: Called Strike 1-1: Called Strike 1-2: Strikes out looking
|
|
Batting: RHB Ed Allen
|
0-0: Ball 1-0: Called Strike 1-1: Called Strike 1-2: Ground out 2-3 (Groundball, 15S, EV 68.1 MPH)
|
|
Batting: SHB Delwyn Young
|
0-0: Ball 1-0: Ball 2-0: Foul Ball, location: 2F 2-1: Swinging Strike 2-2: Ground out 5-3 (Groundball, 5, EV 83.1 MPH)
|
| Top of the 3rd over - 0 runs, 0 hits, 0 errors, 0 left on base; Utica 0 - Newark 0 |
| BOTTOM OF THE 3RD |
|
Newark Black Sox batting - Pitching for Utica Blue Jays : RHP Julio Nunez
|
|
Batting: RHB Danny Griffin
|
0-0: Swinging Strike 0-1: Ground out 5-3 (Groundball, 5, EV 101.3 MPH)
|
|
Batting: RHB Orlando Gonzalez
|
0-0: Called Strike 0-1: Foul Ball, location: 2F 0-2: Ball 1-2: Ball 2-2: Strikes out swinging
|
|
Batting: RHB Rafael Belliard
|
0-0: Ball 1-0: Foul Ball, location: 2F 1-1: Ground out 5-3 (Groundball, 56, EV 86.9 MPH)
|
| Bottom of the 3rd over - 0 runs, 0 hits, 0 errors, 0 left on base; Utica 0 - Newark 0 |
| TOP OF THE 4TH |
|
Utica Blue Jays batting - Pitching for Newark Black Sox : LHP Willie Texidor
|
|
Batting: RHB Jose Gonzalez
|
0-0: Foul Ball, location: 2F 0-1: Ball 1-1: Ball 2-1: Called Strike 2-2: Foul Ball, location: 2F 2-2: Ball 3-2: Ground out 5-3 (Groundball, 5L, EV 82.5 MPH)
|
|
Batting: RHB James McGilvray
|
0-0: Called Strike 0-1: Ball 1-1: Called Strike 1-2: Strikes out swinging
|
|
Batting: SHB Steve Roadcap
|
0-0: Ball 1-0: Called Strike 1-1: Swinging Strike 1-2: Ball 2-2: Ball 3-2: Foul Ball, location: 2F 3-2: Base on Balls
|
|
Batting: RHB Ricky Jordan
|
0-0: Ball 1-0: Ball 2-0: Called Strike 2-1: Foul Ball, location: 2F 2-2: Fly out, F9 (Line Drive, 9, EV 94.4 MPH)
|
| Top of the 4th over - 0 runs, 0 hits, 0 errors, 1 left on base; Utica 0 - Newark 0 |
| BOTTOM OF THE 4TH |
|
Newark Black Sox batting - Pitching for Utica Blue Jays : RHP Julio Nunez
|
|
Batting: RHB Ellis Burks
|
0-0: Ball 1-0: Foul Ball, location: 2F 1-1: Called Strike 1-2: Foul Ball, location: 2F 1-2: Foul Ball, location: 2F 1-2: Foul Ball, location: 2F 1-2: Ball 2-2: Ball 3-2: Foul Ball, location: 2F 3-2: TRIPLE (Flyball, 8RXD, EV 106.9 MPH)
|
|
Batting: RHB Moises Acosta
|
0-0: Foul Ball, location: 2F 0-1: SINGLE (Line Drive, 9S, EV 100.6 MPH) Ellis Burks scores
|
|
Batting: RHB Adrien Perkins
|
0-0: Called Strike 0-1: Foul Ball, location: 2F 0-2: Ground out U3 (Groundball, 34S, EV 81.9 MPH) Moises Acosta to second
|
|
Batting: RHB Ignacio Velasquez
|
0-0: Ball 1-0: Reached on error, E6 (Groundball, 6, EV 91.3 MPH) Moises Acosta scores
|
|
Batting: RHB Jerry Bendorf
|
0-0: Ball 1-0: Ball 2-0: Called Strike 2-1: Ball 3-1: Base on Balls
|
|
Batting: LHB Casey Glenn
|
0-0: Called Strike 0-1: Swinging Strike 0-2: Ball 1-2: Ball 2-2: Fielders Choice at 2nd, 3-6 (Groundball, 34S, EV 81.3 MPH) Ignacio Velasquez to third
|
|
Batting: RHB Danny Griffin
|
0-0: Called Strike 0-1: Foul Ball, location: 2F 0-2: Foul Ball, location: 2F 0-2: Ball 1-2: Foul Ball, location: 2F 1-2: Foul Ball, location: 2F 1-2: Ball 2-2: Ground out 4-3 (Groundball, 4, EV 101.3 MPH)
|
| Bottom of the 4th over - 2 runs, 2 hits, 1 error, 2 left on base; Utica 0 - Newark 2 |
| TOP OF THE 5TH |
|
Utica Blue Jays batting - Pitching for Newark Black Sox : LHP Willie Texidor
|
|
Batting: LHB James Lumpe
|
0-0: Called Strike 0-1: DOUBLE (Flyball, 8RXD, EV 101.3 MPH)
|
|
Batting: RHB Gustavo Hernandez
|
0-0: Ball 1-0: Fly out, F9 (Line Drive, 9D, EV 105.0 MPH)
|
|
Batting: SHB Manny Jose
|
0-0: Fly out, F7 (Flyball, 7LM, EV 95.0 MPH)
|
|
Batting: RHB Ed Allen
|
0-0: Ball 1-0: Called Strike 1-1: Ball 2-1: Swinging Strike 2-2: Foul Ball, location: 2F 2-2: Ground out 5-3 (Groundball, 56S, EV 65.6 MPH)
|
| Top of the 5th over - 0 runs, 1 hit, 0 errors, 1 left on base; Utica 0 - Newark 2 |
| BOTTOM OF THE 5TH |
|
Newark Black Sox batting - Pitching for Utica Blue Jays : RHP Julio Nunez
|
|
Batting: RHB Orlando Gonzalez
|
0-0: Ball 1-0: Ground out 5-3 (Groundball, 56, EV 104.4 MPH)
|
|
Batting: RHB Rafael Belliard
|
0-0: Called Strike 0-1: Foul Ball, location: 2F 0-2: Reached on error, E6 (Groundball, 6, EV 92.5 MPH)
|
|
Batting: RHB Ellis Burks
|
0-0: Ball 1-0: Ball 2-0: Called Strike 2-1: Foul Ball, location: 2F 2-2: Hit by Pitch Rafael Belliard to second
|
|
Batting: RHB Moises Acosta
|
0-0: Called Strike 0-1: Called Strike 0-2: Foul Ball, location: 2F 0-2: Ball 1-2: Strikes out swinging
|
|
Batting: RHB Adrien Perkins
|
0-0: Ball 1-0: Ball 2-0: Ball 3-0: Called Strike 3-1: Base on Balls Rafael Belliard to third Ellis Burks to second
|
|
Batting: RHB Ignacio Velasquez
|
0-0: Ball 1-0: Ball 2-0: Ball 3-0: Called Strike 3-1: Base on Balls Rafael Belliard scores Ellis Burks to third Adrien Perkins to second
|
|
Batting: RHB Jerry Bendorf
|
0-0: Foul Ball, location: 2F 0-1: Foul Ball, location: 2F 0-2: Ball 1-2: Fly out, F8 (Line Drive, 8LD, EV 96.3 MPH)
|
| Bottom of the 5th over - 1 run, 0 hits, 1 error, 3 left on base; Utica 0 - Newark 3 |
| TOP OF THE 6TH |
|
Utica Blue Jays batting - Pitching for Newark Black Sox : LHP Willie Texidor
|
|
Batting: SHB Delwyn Young
|
0-0: Foul Ball, location: 2F 0-1: Foul Ball, location: 2F 0-2: Ball 1-2: Ball 2-2: Foul Ball, location: 2F 2-2: Strikes out looking
|
|
Batting: RHB Jose Gonzalez
|
0-0: Ball 1-0: Ball 2-0: Called Strike 2-1: Foul Ball, location: 2F 2-2: Foul Ball, location: 2F 2-2: Strikes out swinging
|
|
Batting: RHB James McGilvray
|
0-0: Ball 1-0: Foul Ball, location: 2F 1-1: Ball 2-1: Ground out 6-3 (Groundball, 6MD, EV 83.1 MPH)
|
| Top of the 6th over - 0 runs, 0 hits, 0 errors, 0 left on base; Utica 0 - Newark 3 |
| BOTTOM OF THE 6TH |
|
Newark Black Sox batting - Pitching for Utica Blue Jays : RHP Julio Nunez
|
|
Batting: LHB Casey Glenn
|
0-0: Ground out U3 (Groundball, 34, EV 81.9 MPH)
|
|
Batting: RHB Danny Griffin
|
0-0: Ball 1-0: Ball 2-0: Ball 3-0: Base on Balls
|
|
Batting: RHB Orlando Gonzalez
|
0-0: SINGLE (Groundball, 34D, EV 99.4 MPH) Danny Griffin to second Runner from 2nd tries for 3rd, SAFE, throw by RF made to third
|
|
Batting: RHB Rafael Belliard
|
0-0: Called Strike 0-1: Grounds into double play, 4-6-3 (Groundball, 4, EV 85.0 MPH)
|
| Bottom of the 6th over - 0 runs, 1 hit, 0 errors, 1 left on base; Utica 0 - Newark 3 |
| TOP OF THE 7TH |
|
Utica Blue Jays batting - Pitching for Newark Black Sox : LHP Willie Texidor
|
|
Batting: SHB Steve Roadcap
|
0-0: Ball 1-0: Called Strike 1-1: Ball 2-1: Ground out 6-3 (Groundball, 6, EV 110.0 MPH)
|
|
Batting: RHB Ricky Jordan
|
0-0: Called Strike 0-1: Swinging Strike 0-2: Ball 1-2: Strikes out swinging
|
|
Batting: LHB James Lumpe
|
0-0: Called Strike 0-1: Ball 1-1: Called Strike 1-2: Ball 2-2: Ground out 4-3 (Groundball, 34, EV 108.1 MPH)
|
| Top of the 7th over - 0 runs, 0 hits, 0 errors, 0 left on base; Utica 0 - Newark 3 |
| BOTTOM OF THE 7TH |
|
Newark Black Sox batting - Pitching for Utica Blue Jays : RHP Julio Nunez
|
|
Pitching: LHP Joe Klink
|
|
|
Batting: RHB Ellis Burks
|
0-0: Ball 1-0: Called Strike 1-1: Foul Ball, location: 2F 1-2: Ball 2-2: Ball 3-2: SINGLE (Groundball, 6MD, EV 106.3 MPH) (infield hit)
|
|
Pinch Runner at 1st Thomas Merkle:
|
|
|
Batting: RHB Moises Acosta
|
0-0: Ball 1-0: Ball 2-0: Ball 3-0: Base on Balls Thomas Merkle to second
|
|
Batting: RHB Adrien Perkins
|
0-0: SINGLE (Line Drive, 4D, EV 105.6 MPH) Thomas Merkle to third Moises Acosta to second
|
|
Batting: RHB Ignacio Velasquez
|
0-0: Called Strike 0-1: Ball 1-1: Foul Ball, location: 2F 1-2: Ball 2-2: Foul Ball, location: 2F 2-2: Strikes out swinging
|
|
Batting: RHB Jerry Bendorf
|
0-0: Swinging Strike 0-1: Swinging Strike 0-2: Strikes out swinging
|
|
Batting: LHB Casey Glenn
|
0-0: Foul Ball, location: 2F 0-1: Foul Ball, location: 2F 0-2: Fly out, F5 (Popup, 56S, EV 70.0 MPH)
|
| Bottom of the 7th over - 0 runs, 2 hits, 0 errors, 3 left on base; Utica 0 - Newark 3 |
| TOP OF THE 8TH |
|
Utica Blue Jays batting - Pitching for Newark Black Sox : LHP Willie Texidor
|
|
Now in LF: Henry Hubbard
|
|
|
Batting: RHB Gustavo Hernandez
|
0-0: Ground out 3-1 (Groundball, 34, EV 100.0 MPH)
|
|
Batting: SHB Manny Jose
|
0-0: Called Strike 0-1: Called Strike 0-2: Foul Ball, location: 2F 0-2: Strikes out looking
|
|
Batting: RHB Ed Allen
|
0-0: Ball 1-0: Foul Ball, location: 2F 1-1: Ball 2-1: Ball 3-1: Fly out, F1 (Line Drive, P, EV 65.0 MPH)
|
| Top of the 8th over - 0 runs, 0 hits, 0 errors, 0 left on base; Utica 0 - Newark 3 |
| BOTTOM OF THE 8TH |
|
Newark Black Sox batting - Pitching for Utica Blue Jays : LHP Joe Klink
|
|
Batting: RHB Danny Griffin
|
0-0: Fly out, F9 (Flyball, 89D, EV 87.5 MPH)
|
|
Batting: RHB Orlando Gonzalez
|
0-0: Ball 1-0: Foul Ball, location: 2F 1-1: Ball 2-1: Foul Ball, location: 2F 2-2: Foul Ball, location: 2F 2-2: Ball 3-2: Base on Balls
|
|
Batting: RHB Rafael Belliard
|
0-0: Swinging Strike Orlando Gonzalez is caught stealing 2nd base 2-4 0-1: Ball 1-1: Swinging Strike 1-2: Fly out, F8 (Flyball, 89M, EV 72.5 MPH)
|
| Bottom of the 8th over - 0 runs, 0 hits, 0 errors, 0 left on base; Utica 0 - Newark 3 |
| TOP OF THE 9TH |
|
Utica Blue Jays batting - Pitching for Newark Black Sox : LHP Willie Texidor
|
|
Pitching: RHP Jeff Innis
|
|
|
Batting: SHB Delwyn Young
|
0-0: Called Strike 0-1: Swinging Strike 0-2: Strikes out swinging
|
|
Batting: RHB Jose Gonzalez
|
0-0: Ball 1-0: Called Strike 1-1: Ball 2-1: Ball 3-1: SINGLE (Groundball, 56S, EV 74.4 MPH) (infield hit)
|
|
Batting: RHB James McGilvray
|
0-0: Called Strike 0-1: Ball Balk! Jose Gonzalez to second 1-1: Ball 2-1: Ball 3-1: Foul Ball, location: 2F 3-2: Foul Ball, location: 2F 3-2: Base on Balls
|
|
Batting: SHB Steve Roadcap
|
0-0: Ball Wild Pitch! Jose Gonzalez to third James McGilvray to second 1-0: Ball 2-0: Ball 3-0: Base on Balls
|
|
Pitching: RHP Gregory Moore
|
|
|
Pinch Hitting: LHB Robert Williamson
|
0-0: Foul Ball, location: 2F 0-1: Fly out, F7 (Line Drive, 7S, EV 106.3 MPH)
|
|
Batting: LHB James Lumpe
|
0-0: Swinging Strike 0-1: Fly out, F9 (Line Drive, 9, EV 92.5 MPH)
|
| Top of the 9th over - 0 runs, 1 hit, 0 errors, 3 left on base; Utica 0 - Newark 3 |
|